MaPax's Blink colossus build. Taken from replay and fixed errors caused by chronoboost on timings and supply. Up to colossus production.
14 | 0:17 | | Built next to assimilator, no reaper cliff blocking |
16 | 0:35 | | With nexus rallied probe, probe scouts opponent's main |
16 | 0:45 | | With nexus rallied probe |
20 | 1:23 | | With gas probe |
20 | 1:30 | | With same probe as assimilator |
21 | 1:41 | | On nat, With same probe as Nexus |
22 | 1:48 | | |
23 | 1:59 | | |
22 | 2:01 | | |
26 | 2:19 | | |
29 | 2:31 | | |
31 | 2:44 | | |
33 | 2:57 | | |
36 | 3:10 | | |
40 | 3:36 | | |
40 | 3:38 | | |
53 | 4:26 | | |
54 | 4:28 | | |
55 | 4:38 | | |
61 | 4:56 | | |
62 | 5:18 | | |
70 | 5:31 | | |
74 | 5:50 | | x3 |
81 | 6:05 | | |
81 | 6:13 | | x2 |
81 | 6:15 | | |
84 | 6:23 | | |
87 | 6:35 | | |
91 | 6:40 | | |
100 | 7:05 | | |
109 | 7:20 | | x2 |
Standard PvT build MaxPax seems to use this build in most maps with very similar timings, sometimes he might skip the first stalker for a faster Twilight Council. When he doesn't use this build, he uses some Phoenix Colossus one for specific air-favored maps.
Benchmark at 7:20 Units: 66 probes | 2 obs | 6 zealots | 1 immortal | 13 stalkers | 1 warprism | 2 sentries |
Buildings: 4 assimilators | 2 shield batteries | 1 robotics bay | 1 twilight council | 1 cybernetics core | 1 forge | 1 robotics facility | 3 nexi | 8 warp gates |
Production: 1 nexus 10% | 1 colossus 1% | 1 ground weapons 1 90% | 2 pylons 99% |
On March 29, 2025, 8:46 a.m., TeknoHamster2 said:
Hi barebank ,
You should be able to see the replay just below the description. It's a link to the replay on this site.
Cheers
On March 29, 2025, 7:42 a.m., barebank said:
Appreciate this! Which replay is this build based on? Would love to see it to get a better idea of the execution of it.
Thanks for the build post and take care :)